 Dungeon Crawl Stone Soup version 0.29.1-2-gbd0b4ee654 (webtiles) character file.

Game seed: 13672119911409703115

44 Anriel the Covered (level 3, 0/29 HPs)
             Began as a Human Fighter on Oct 26, 2022.
             Slain by a goblin
             ... wielding a +0 club
              (2 damage)
             ... on level 2 of the Dungeon.
             The game lasted 00:05:31 (615 turns).

Anriel the Covered (Human Fighter)                   Turns: 615, Time: 00:05:31

Health: 0/29       AC:  6    Str: 18    XL:     3   Next: 85%
Magic:  3/3        EV:  9    Int:  8    God:
Gold:   15         SH:  4    Dex: 12    Spells: 2/2 levels left

rFire   + . .      SeeInvis .   a - +0 long sword
rCold   + . .      Faith    .   c - +0 buckler
rNeg    . . .      Spirit   .   b - +0 scale mail
rPois   +          Reflect  .   (no helmet)
rElec   +          Harm     .   (no cloak)
rCorr   +          Rampage  .   (no gloves)
Will    .....                   (no boots)
Stlth   ..........              (no amulet)
HPRegen 0.09/turn               (no ring)
MPRegen 0.08/turn               (no ring)

@: resistant, flying
A: no striking features
a: no special abilities


You were on level 2 of the Dungeon.
You visited 1 branch of the dungeon, and saw 2 of its levels.

You collected 15 gold pieces.

Inventory:

Hand Weapons
 a - a +0 long sword (weapon)
Armour
 b - a +0 scale mail (worn)
 c - a +0 buckler (worn)
Jewellery
 e - the amulet of Ter Ogoc {Rampage Regen+ Int+2}
   (You acquired it on level 2 of the Dungeon)

   [amulet of regeneration]

   Int:       It affects your intelligence (+2).
   Regen:     It increases your rate of health regeneration.
   Rampage:   It bestows one free step when moving towards enemies.
Scrolls
 i - a scroll of butterflies {unknown}
 j - a scroll of amnesia {unknown}
Potions
 d - a potion of might
 f - a potion of flight


   Skills:
 + Level 3.2 Fighting
 + Level 2.6 Long Blades
 + Level 3.5 Armour
 + Level 0.2 Dodging
 + Level 3.2 Shields


You had 2 spell levels left.
You didn't know any spells.
Your spell library was empty.

Dungeon Overview and Level Annotations

Branches:
Dungeon (2/15)

Altars:


Message History

The adder closely misses you.
You hit the adder.
You kill the adder!
You feel sick.
You are no longer poisoned.
The adder bites you.
* * * LOW HITPOINT WARNING * * *
You are poisoned.
The adder poisons you!
You hit the adder but do no damage.
You feel sick.
The adder bites you but does no damage. x2
You hit the adder.
The adder is heavily wounded.
You feel sick. The adder bites you but does no damage.
It was a potion of flight.
You feel very buoyant.
You fly up into the air.
You feel sick.
You are no longer poisoned.
You block the adder's attack. The adder bites you but does no damage.
It was a potion of resistance.
You feel protected. The adder bites you.
* * * LOW HITPOINT WARNING * * *
Blink to where?
Press: ? - help, Dir - move target
Found 10 gold pieces.
As you read the scroll labelled QUAMAPP BAIGO, it crumbles to dust.
It was a scroll of blinking.
Okay, then.
Okay, then.
A goblin comes into view. It is wielding a +0 club.
Found a twisted jade ring.
The goblin shouts!
The goblin attacks as you move away! The goblin barely misses you.
Found a stone staircase leading up.
This is a scroll of acquirement!
Something appears at your feet! The goblin hits you but does no damage.
e - the amulet of Ter Ogoc {Rampage Regen+ Int+2} The goblin hits you with a +0 club.
You die...

... ...### .........#..## ..#
##..... ...........### #.#
#...... ########...... #.##
......$ .. ........ ...##.......
..<##.#..... ....#.......#
............. ...../......####
..........#.##
...#...........###...# ....###.##
...##.......#.Sg@..# .... #.##
...##........#.......... ..###.##
...# ..........#........ ........
...###.....#.....###.......#...##
...#......##=#...# .#.....##....
...#.#######.#.... .............
.#...# #........##.....##.##.
.#.### .....###.....#.....##.
.#.. ...........##.


You could see an adder and a goblin.

Vanquished Creatures
  2 adders (D:2)
  A dart slug (D:1)
  3 ball pythons
  2 endoplasms (D:1)
  2 giant cockroaches
  2 hobgoblins (D:2)
  2 jackals (D:2)
  3 kobolds
  3 bats
  A goblin (D:2)
  A rat (D:2)
22 creatures vanquished.

Notes
Turn   | Place    | Note
-------+----------+-------------------------------------------
     0 | D:1      | Anriel the Human Fighter began the quest for the Orb.
     0 | D:1      | Reached XP level 1. HP: 18/18 MP: 1/1
   233 | D:1      | Reached XP level 2. HP: 24/24 MP: 2/2
   365 | D:1      | You fall into a shaft and drop 1 floor!
   496 | D:2      | Reached XP level 3. HP: 22/29 MP: 3/3
   608 | D:2      | HP: 1/29 [adder (2)]
   614 | D:2      | Identified a scroll of acquirement
   614 | D:2      | Acquired the amulet of Ter Ogoc {Rampage Regen+ Int+2}
   615 | D:2      | Slain by a goblin

Illustrated notes

Levels and vault maps discovered:
D:1:      minmay_arrival_stair_chambers, layout_basic,
          hellmonk_ecumenical_altar_crossroads, columned_hall_lemuel,
          kennysheep_flooded_box
D:2:      layout_rooms, uniq_sigmund, uniq_jessica

Action                   || total
-------------------------++-------
Melee: Long sword        ||    67
  Use: Scroll            ||     2
       Potion            ||     2
Armor: Scale mail        ||    51
Dodge: Dodged            ||    29
Block: Buckler           ||    16
